 Dungeon Crawl Stone Soup version 0.30.0-29-ga12c61a403 (webtiles) character file.

Game seed: 2835778591541192152

16 cheesebisquit the Changer (level 2, 0/18 HPs)
             Began as an Octopode Transmuter on June 9, 2023.
             Succumbed to a goblin's poison
             ... on level 1 of the Dungeon.
             The game lasted 00:01:46 (505 turns).

cheesebisquit the Changer (Octopode Transmuter)      Turns: 505, Time: 00:01:46

Health: 0/18       AC:  1    Str:  9    XL:     2   Next: 58%
Magic:  4/5        EV: 13    Int: 15    God:
Gold:   20         SH:  0    Dex: 12    Spells: 4/5 levels left

rFire   . .          .
                       - Unarmed
rCold   . . .        (no shield)
rNeg    . . .        (helmet currently unavailable)
rPois   .            (no amulet)
rElec   .            (no ring)
rCorr   .            (no ring)
SInv    .            (no ring)
Will    .....        (no ring)
Stlth   ++           (no ring)
HPRegen 0.23/turn    (no ring)
MPRegen 0.09/turn    (no ring)
                     (no ring)

%: no passive effects
@: lethally poisoned (0 -> -6), appendages (expiring)
A: tentacle spike 3, almost no armour, amphibious, 8 rings, camouflage 1,
gelatinous body 1, (nimble swimmer 1), tentacles
a: End Transformation


You were on level 1 of the Dungeon.
One of your tentacles had grown a beastly spike.
You visited 1 branch of the dungeon, and saw 1 of its levels.

You collected 20 gold pieces.

Inventory:

Missiles
 f - 10 poisoned darts
Scrolls
 b - a scroll of enchant armour {unknown}
 d - a scroll of immolation {unknown}
 e - 3 scrolls of vulnerability {unknown}
 h - a scroll of teleportation {unknown}
Potions
 a - a potion of lignification
 c - 2 potions of flight {unknown}
 g - a potion of berserk rage {unknown}


   Skills:
 - Level 1.0 Fighting
 - Level 2.0 Dodging
 - Level 3.0 Unarmed Combat
 - Level 2.0 Spellcasting
 + Level 3.1 Transmutations


You had 4 spell levels left.
You knew the following spells:

 Your Spells              Type           Power      Damage    Failure   Level
a - Beastly Appendage     Tmut           20%        N/A       6%          1

Your spell library contained the following spells:

 Spells                   Type           Power      Damage    Failure   Level
 Wereblood                Tmut           10%        N/A       10%         2
 Spider Form              Tmut/Pois      6%         N/A       34%         3
 Ice Form                 Ice/Tmut       6%         N/A       75%         4


Dungeon Overview and Level Annotations

Branches:
Dungeon (1/15)

Altars:


Innate Abilities, Weirdness & Mutations

One of your tentacles has grown a beastly spike.
You cannot wear most types of armour.
You are amphibious.
You can wear up to eight rings at the same time.
Your skin changes colour to match your surroundings (Stealth+).
Your rubbery body absorbs attacks. (AC +1, EV +1)
((You are camouflaged when in or above water. (Stealth+)))
You have tentacles for arms and can constrict up to eight enemies at once.


Message History

You pierce the ball python.
You squeeze the ball python.
You kill the ball python!
Your tentacle spike disappears.
A kobold comes into view. It is wielding a +0 dagger.
The kobold shouts!
A rat comes into view.
A goblin comes into view. It is wielding a +0 dagger of venom.
A ball python comes into view.
One of your tentacles grows a vicious spike.
The goblin shouts!
The ball python hisses angrily.
A giant cockroach comes into view.
You barely miss the kobold. Your grab misses the kobold.
Your tentacle spike misses the kobold.
The kobold closely misses you.
You tentacle-slap the kobold.
You kill the kobold!
The goblin hits you with a +0 dagger of venom.
You are poisoned.
Things that are here:
a +0 dagger; a kobold corpse You tentacle-slap the ball python.
You grab the ball python.
Your tentacle spike misses the ball python.
The ball python is moderately wounded.
You constrict the ball python.
You feel sick. The ball python bites you. The ball python grabs you.
The ball python constricts you.
The goblin hits you with a +0 dagger of venom.
You are lethally poisoned!
You escape the ball python's grasp.
You release your grip on the ball python.
You feel very sick.
Your transformation is almost over.
* * * LOW HITPOINT WARNING * * *
You feel very sick.
Okay, then.
Okay, then.
Okay, then.
* * * LOW HITPOINT WARNING * * *
You feel sick.
* * * LOW HITPOINT WARNING * * *
You feel sick.
You die...

#.# #.....##.# # ##+##
##....##.# # #
##...######.#....#
#.##.....#.........## #
#.#........###.#.#.#
..##..........###.....######.
..............+..............
..........g...###.....######.
#.)rSB.@.# ###...#
##.?...#.######..#
##...##.........#
##+##########.## #.# #.# #.#
#.# #.#


You could see a giant cockroach, a goblin, a ball python and a rat.

Vanquished Creatures
  A dart slug (D:1)
  A ball python (D:1)
  2 giant cockroaches (D:1)
  2 goblins (D:1)
  2 hobgoblins (D:1)
  2 bats (D:1)
  2 frilled lizards (D:1)
  A kobold (D:1)
  A rat (D:1)
14 creatures vanquished.

Notes
Turn   | Place    | Note
-------+----------+-------------------------------------------
     0 | D:1      | cheesebisquit the Octopode Transmuter began the quest for
                  | the Orb.
     0 | D:1      | Reached XP level 1. HP: 13/13 MP: 3/3
   202 | D:1      | Reached XP level 2. HP: 18/18 MP: 3/5
   505 | D:1      | Succumbed to a goblin's poison

Illustrated notes

Levels and vault maps discovered:
D:1:      dpeg_arrival_arbitrary_c, layout_loops_corners,
          ebering_dispersal_statue_hall, st_stairs_6, minivault_27,
          corner_web_ring, reono_crystal_passage

Skill      XL: |  1  2 |
---------------+-------+-----
Transmutations | 3 |  3.1
Fighting       | |  1.0
Dodging        | |  2.0
Unarmed Combat | |  3.0
Spellcasting   | |  2.0

Action                     || total
---------------------------++-------
  Melee: Unarmed           ||    28
         Constrict         ||    10
         Tentacles         ||     4
         Kick              ||     4
         Punch             ||     3
   Cast: Beastly Appendage ||    10
 Armour: Skin              ||     2
  Dodge: Dodged            ||    18
